[Event "ICC tourney 2801 (60 5)"]
[Site "Internet Chess Club"]
[Date "2022.01.23"]
[Round "4"]
[White "Singh, Saharsh:saharshsingh02"]
[Black "RAMANATHAN, VARUN:Grasshopper411"]
[Result "0-1"]
[ICCResult "White resigns"]
[WhiteElo "931"]
[BlackElo "1068"]
[Opening "QGD Slav defense"]
[ECO "D10"]
[NIC "SL.01"]
[Time "11:00:15"]
[PlyCount "58"]
[TimeControl "3600+5"]

1. d4 d5 2. c4 c6 3. Nc3 Nf6 4. Bg5 Bf5 5. e3 e6 6. Nf3 h6 7. Bh4 Be7 8. Bd3
Bxd3 9. Qxd3 dxc4 10. Qxc4 b5 11. Qe2 Qb6 12. O-O Nbd7 13. a4 b4 14. Nd1 a5
15. b3 O-O 16. Nb2 Qc7 17. Bg3 Qb7 18. Ne5 Nxe5 19. Bxe5 Ne4 20. f3 Nc3 21.
Qc2 c5 22. Rae1 Rac8 23. Nd1 cxd4 24. Bxd4 Nxa4 25. Qe2 Nc3 26. Nxc3 bxc3
27. Qa2 Bb4 28. Re2 Rfe8 29. g4 e5 {White resigns} 0-1

[Event "ICC tourney 2801 (60 5)"]
[Site "Internet Chess Club"]
[Date "2022.01.23"]
[Round "4"]
[White "THAPER, RISHUBH:MajorKey"]
[Black "BIRUDAVOLU, SATHVIK:Vikki24"]
[Result "1-0"]
[ICCResult "Black checkmated"]
[WhiteElo "1121"]
[BlackElo "1007"]
[Opening "QGD Slav: 3.Nf3"]
[ECO "D11"]
[NIC "SL.01"]
[Time "11:00:10"]
[PlyCount "101"]
[TimeControl "3600+5"]

1. d4 d5 2. c4 c6 3. Nf3 Bf5 4. Nc3 Nf6 5. Qb3 b6 6. cxd5 Nxd5 7. Nxd5 Qxd5
8. Qxd5 cxd5 9. Bf4 e6 10. e3 Bb4+ 11. Nd2 Bxd2+ 12. Kxd2 a6 13. Bxb8 Rxb8
14. Bxa6 O-O 15. Rac1 Ra8 16. Bd3 Bxd3 17. Kxd3 Rxa2 18. Rc2 h6 19. f3 Rfa8
20. Rhc1 Kh7 21. e4 dxe4+ 22. fxe4 Ra1 23. d5 Rxc1 24. Rxc1 exd5 25. exd5
Rd8 26. Kd4 Kg6 27. Rc6+ f6 28. Rxb6 Kf7 29. b4 f5 30. b5 g5 31. Ke5 h5 32.
Rf6+ Kg7 33. Rxf5 Re8+ 34. Kd6 Kg6 35. Re5 Rd8+ 36. Kc7 Rf8 37. b6 Rf7+ 38.
Kc6 Rf8 39. b7 h4 40. d6 g4 41. d7 Rf6+ 42. Kc7 h3 43. gxh3 gxh3 44. d8=Q
Rf7+ 45. Re7 Rxe7+ 46. Qxe7 Kh5 47. b8=Q Kg4 48. Qbb4+ Kf3 49. Qee4+ Kf2 50.
Qd2+ Kg1 51. Qee1# {Black checkmated} 1-0

[Event "ICC tourney 2801 (60 5)"]
[Site "Internet Chess Club"]
[Date "2022.01.23"]
[Round "4"]
[White "CAO, DANIEL:danielcao"]
[Black "ASHOK, AMUDHAN:amudhanashok"]
[Result "1-0"]
[ICCResult "Black checkmated"]
[WhiteElo "1210"]
[BlackElo "963"]
[Opening "Latvian counter-gambit"]
[ECO "C40"]
[NIC "KP.09"]
[Time "11:00:39"]
[PlyCount "97"]
[TimeControl "3600+5"]

1. e4 e5 2. Nf3 f5 3. Nxe5 Qe7 4. Qh5+ g6 5. Nxg6 Qf7 6. Bc4 Qxg6 7. Qe2
fxe4 8. Bd5 Ne7 9. Bxe4 Qe6 10. Nc3 Bg7 11. Nb5 Na6 12. Kf1 c6 13. Nc3 Nc5
14. Qh5+ Qf7 15. Qxc5 Rf8 16. d3 Qxf2+ 17. Qxf2 Rxf2+ 18. Kxf2 Bd4+ 19. Ke2
d5 20. Bxh7 Bg4+ 21. Kf1 O-O-O 22. Bf4 Rh8 23. Be4 dxe4 24. Nxe4 Rf8 25.
Nd6+ Kd7 26. g3 Be3 27. Ne4 Bxf4 28. gxf4 Rxf4+ 29. Ke1 Nd5 30. Rf1 Rxf1+
31. Kxf1 Ne3+ 32. Kf2 Nd1+ 33. Kg3 Ne3 34. Nf6+ Ke6 35. Nxg4 Nxg4 36. Kxg4
Kf6 37. Re1 Kg6 38. Re6+ Kf7 39. Re4 Kf6 40. Kf4 Kg6 41. Re6+ Kf7 42. Kf5
Kg7 43. h4 Kh7 44. Kg5 Kg7 45. Re7+ Kf8 46. Kf6 Kg8 47. h5 Kh8 48. Kg6 Kg8
49. Re8# {Black checkmated} 1-0

[Event "ICC tourney 2801 (60 5)"]
[Site "Internet Chess Club"]
[Date "2022.01.23"]
[Round "4"]
[White "IRANIAN PRABHU KUMAR, ASHWIN:IPAshwin2013"]
[Black "BANDREDDI, MEERA:MeeraBLab"]
[Result "1-0"]
[ICCResult "Black resigns"]
[WhiteElo "757"]
[BlackElo "1205"]
[Opening "Sicilian defense"]
[ECO "B40"]
[NIC "SI.43"]
[Time "11:00:12"]
[PlyCount "91"]
[TimeControl "3600+5"]

1. e4 c5 2. Nf3 e6 3. c3 Nf6 4. Qc2 a6 5. d4 Qc7 6. Bd3 cxd4 7. cxd4 Qxc2 8.
Bxc2 b5 9. Bg5 Be7 10. O-O d5 11. Bxf6 Bxf6 12. exd5 exd5 13. Re1+ Be6 14.
Bf5 Kd7 15. Bxe6+ fxe6 16. Nbd2 Nc6 17. Nb3 Rhe8 18. Nc5+ Kd6 19. Nb3 e5 20.
dxe5+ Nxe5 21. Nxe5 Rxe5 22. Rxe5 Bxe5 23. Rb1 Re8 24. g3 Rc8 25. Na1 Rc4
26. Kf1 Kc5 27. Nb3+ Kb4 28. Nc1 Rc2 29. Nd3+ Ka4 30. Nxe5 b4 31. Nd3 d4 32.
Ke1 a5 33. Kd1 Rc6 34. Kd2 Kb5 35. Rc1 Rxc1 36. Nxc1 a4 37. Kd3 Kc5 38. Ne2
g6 39. Nxd4 Kd5 40. Nc2 b3 41. axb3 axb3 42. Nd4 Ke5 43. Nxb3 Kf5 44. h3 g5
45. Nd4+ Kf6 46. b4 {Black resigns} 1-0

[Event "ICC tourney 2801 (60 5)"]
[Site "Internet Chess Club"]
[Date "2022.01.23"]
[Round "4"]
[White "BRUDNO, STEPHEN:StevChess01"]
[Black "ZHAO, DANSON:K01-30127679"]
[Result "1-0"]
[ICCResult "Black resigns"]
[WhiteElo "1440"]
[BlackElo "1110"]
[Opening "QGD: exchange variation"]
[ECO "D35"]
[NIC "QO.16"]
[Time "11:01:01"]
[PlyCount "80"]
[TimeControl "3600+5"]

1. d4 d5 2. c4 e6 3. Nc3 Nf6 4. cxd5 Nxd5 5. e4 Nf6 6. Nf3 Be7 7. Bc4 O-O 8.
O-O Nc6 9. h3 Bd7 10. a3 Na5 11. Ba2 a6 12. b4 Nc6 13. Bf4 Na7 14. Re1 Nb5
15. Nxb5 Bxb5 16. Rc1 Rc8 17. Be3 Nxe4 18. Qc2 Nf6 19. Red1 Nd5 20. Bxd5
exd5 21. Bf4 Bd6 22. Bg5 f6 23. Be3 Kh8 24. Nd2 Qd7 25. Qc3 Qf5 26. Nb1 Qg6
27. Qc2 Qe8 28. Nc3 Bc6 29. Re1 Qf7 30. Rb1 b5 31. Ne4 Bd7 32. Nxd6 cxd6 33.
Qd2 Bf5 34. Rbc1 Rxc1 35. Rxc1 Qg6 36. Kh2 Qf7 37. Qc3 Rc8 38. Qxc8+ Bxc8
39. Rxc8+ Qg8 40. Rxg8+ Kxg8 {Black resigns} 1-0

[Event "ICC tourney 2801 (60 5)"]
[Site "Internet Chess Club"]
[Date "2022.01.23"]
[Round "4"]
[White "GUO, MAX:salamenceg"]
[Black "AYYAPPAN, ANUSHKA:Anushkaa"]
[Result "0-1"]
[ICCResult "White checkmated"]
[WhiteElo "1139"]
[BlackElo "1303"]
[Opening "Ruy Lopez: 5.O-O"]
[ECO "C78"]
[NIC "RL.12"]
[Time "11:01:01"]
[PlyCount "120"]
[TimeControl "3600+5"]

1. e4 e5 2. Nf3 Nc6 3. Bb5 a6 4. Ba4 Nf6 5. O-O b5 6. Bb3 Be7 7. c3 d6 8. h3
Nxe4 9. Bd5 Qd7 10. Bxe4 f5 11. Bxc6 Qxc6 12. d4 Bb7 13. d5 Qxd5 14. Qxd5
Bxd5 15. Na3 h6 16. Rd1 Bb7 17. Nh2 g5 18. f3 Rg8 19. Bd2 O-O-O 20. Nc2 e4
21. fxe4 Bxe4 22. Ne3 d5 23. Rf1 Bc5 24. Kh1 Bd3 25. Nxf5 Bxf1 26. Rxf1 Bf8
27. Ng4 h5 28. Nf6 Rg6 29. Nxh5 Kb8 30. Nd4 c5 31. Nb3 Bd6 32. Rf7 Rf8 33.
Rxf8+ Bxf8 34. Be3 c4 35. Nc5 Bxc5 36. Bxc5 Kb7 37. Kg1 Kc6 38. Ba3 a5 39.
Kf2 d4 40. cxd4 b4 41. Bxb4 axb4 42. Ke2 Kd5 43. Kd2 Kxd4 44. Ng3 Ra6 45.
Ne2+ Kd5 46. Nc1 Rf6 47. Ke3 Rf1 48. Ne2 Ra1 49. Kd2 Rxa2 50. Kc2 Ra1 51.
Nc1 Ra8 52. b3 c3 53. h4 gxh4 54. Nd3 Ra2+ 55. Kc1 Kd4 56. Ne1 Ra1+ 57. Kc2
Rxe1 58. g4 Re2+ 59. Kc1 Kd3 60. g5 Re1# {White checkmated} 0-1

[Event "ICC tourney 2801 (60 5)"]
[Site "Internet Chess Club"]
[Date "2022.01.23"]
[Round "4"]
[White "Deshpande, Sarthak Yashodhan:King2012"]
[Black "kukkadapu, sridattha kumar:srichess23"]
[Result "1-0"]
[ICCResult "Black resigns"]
[WhiteElo "1400"]
[BlackElo "849"]
[Opening "Dutch: classical variation"]
[ECO "A96"]
[NIC "HD.01"]
[Time "11:00:58"]
[PlyCount "99"]
[TimeControl "3600+5"]

1. d4 f5 2. c4 e6 3. Nf3 Nf6 4. g3 Be7 5. Bg2 O-O 6. O-O d6 7. Qb3 Kh8 8.
Nc3 a5 9. Rd1 a4 10. Nxa4 Qe8 11. Nc3 Nc6 12. Nb5 Bd8 13. Qc2 e5 14. d5 Na7
15. Nc3 Qh5 16. e4 f4 17. Ne2 Bh3 18. Bxh3 Qxh3 19. Ng5 Qg4 20. Kh1 Qxg5 21.
gxf4 exf4 22. Nxf4 Qe5 23. f3 Nh5 24. Ne6 Rxf3 25. Qe2 Rh3 26. Kg1 c6 27.
Nxd8 Rxd8 28. Qg2 Rh4 29. Bg5 Nf4 30. Bxf4 Qxf4 31. Rf1 Qe3+ 32. Kh1 Re8 33.
Rf7 Qd4 34. Rg1 Qxe4 35. Qxe4 Rhxe4 36. Rgxg7 Rh4 37. Rxb7 Nc8 38. dxc6 Re1+
39. Kg2 Ree4 40. Rgd7 Rhg4+ 41. Kf3 Ref4+ 42. Ke3 Rxc4 43. c7 Rce4+ 44. Kd3
Ref4 45. Rd8+ Rg8 46. Rb8 Rff8 47. Rbxc8 Kg7 48. Rxf8 Rxf8 49. Rxf8 Kxf8 50.
c8=Q+ {Black resigns} 1-0

[Event "ICC tourney 2801 (60 5)"]
[Site "Internet Chess Club"]
[Date "2022.01.23"]
[Round "4"]
[White "BAI, JEFFREY:Jeffchess"]
[Black "JAIN, PARINYA:StockAlpha2020"]
[Result "0-1"]
[ICCResult "White checkmated"]
[WhiteElo "1174"]
[BlackElo "1288"]
[Opening "Evans gambit: normal variation"]
[ECO "C52"]
[NIC "IG.05"]
[Time "11:00:21"]
[PlyCount "100"]
[TimeControl "3600+5"]

1. e4 e5 2. Nf3 Nc6 3. Bc4 Bc5 4. b4 Bxb4 5. c3 Ba5 6. d4 exd4 7. O-O d6 8.
cxd4 Bb6 9. Ng5 Nh6 10. Qh5 Bg4 11. Bxf7+ Kd7 12. Be6+ Bxe6 13. Nxe6 Qe8 14.
Qxe8+ Raxe8 15. d5 Nd4 16. Nxg7 Ne2+ 17. Kh1 Nxc1 18. Nxe8 Nd3 19. Nf6+ Ke7
20. Nh5 Nxf2+ 21. Kg1 Nhg4 22. h3 Nxh3+ 23. Kh1 Nhf2+ 24. Kg1 Nxe4+ 25. Kh1
Nef2+ 26. Kg1 Rf8 27. Na3 Nd1+ 28. Rf2 Rxf2 29. Rxd1 Rd2+ 30. Kf1 Rxd1+ 31.
Ke2 Ra1 32. Kf3 Rxa2 33. Nc4 Ne5+ 34. Nxe5 dxe5 35. Ng3 Ra3+ 36. Kg4 Rxg3+
37. Kxg3 a5 38. Kf3 a4 39. g4 a3 40. Ke4 a2 41. Kxe5 a1=Q+ 42. Kf4 Qd4+ 43.
Kg3 Qf2+ 44. Kh3 Be3 45. g5 Qf3+ 46. Kh2 Bf4+ 47. Kg1 Bg3 48. d6+ cxd6 49.
g6 Qf2+ 50. Kh1 Qh2# {White checkmated} 0-1

[Event "ICC tourney 2801 (60 5)"]
[Site "Internet Chess Club"]
[Date "2022.01.23"]
[Round "4"]
[White "BANDREDDI, AARUSH:AarushB"]
[Black "SOUTHERLAND, TRIPP:Nachooo"]
[Result "0-1"]
[ICCResult "White resigns"]
[WhiteElo "1012"]
[BlackElo "1219"]
[Opening "Sicilian: closed"]
[ECO "B23"]
[NIC "SI.44"]
[Time "11:00:09"]
[PlyCount "86"]
[TimeControl "3600+5"]

1. e4 c5 2. Nc3 d6 3. f4 a6 4. a4 Nc6 5. Nf3 Nf6 6. Bc4 Bg4 7. O-O Nd4 8. d3
Nxf3+ 9. gxf3 Bh5 10. Kh1 e6 11. e5 dxe5 12. fxe5 Nd7 13. Qe1 Be7 14. f4 O-O
15. f5 exf5 16. Rxf5 Bg6 17. Rf1 Nb6 18. Bb3 Qc7 19. e6 Qc6+ 20. Kg1 fxe6
21. Qxe6+ Qxe6 22. Bxe6+ Bf7 23. Bxf7+ Rxf7 24. Rxf7 Kxf7 25. Be3 Kg8 26.
Rf1 Re8 27. Ne4 Nd7 28. Re1 b6 29. Bf2 Rf8 30. Nc3 Bf6 31. Nd5 Bxb2 32. Re4
Nf6 33. Ne7+ Kf7 34. Re2 Re8 35. c4 Bd4 36. Bxd4 cxd4 37. a5 bxa5 38. c5
Rxe7 39. Rc2 Nd5 40. c6 Nc3 41. Rf2+ Ke6 42. Rf1 Rc7 43. Re1+ Kd6
{White resigns}
0-1

[Event "ICC tourney 2801 (60 5)"]
[Site "Internet Chess Club"]
[Date "2022.01.23"]
[Round "4"]
[White "KRISHNAN, SHREYANK:K05-16258876"]
[Black "MOORE, ADAM:madamimadam"]
[Result "1-0"]
[ICCResult "Black resigns"]
[WhiteElo "1054"]
[BlackElo "1465"]
[Opening "English: symmetrical, Benoni formation"]
[ECO "A31"]
[NIC "EO.46"]
[Time "11:00:11"]
[PlyCount "77"]
[TimeControl "3600+5"]

1. d4 Nf6 2. c4 c5 3. Nf3 cxd4 4. Nxd4 Nc6 5. Nf3 e6 6. Nc3 Be7 7. Bf4 O-O
8. e3 Bb4 9. Bd3 d5 10. O-O b6 11. Bg5 Be7 12. Bxf6 Bxf6 13. cxd5 exd5 14.
Nxd5 Bxb2 15. Rb1 Bf6 16. Qc2 Qxd5 17. Bxh7+ Kh8 18. Be4 Qc5 19. Qxc5 bxc5
20. Bxc6 Bf5 21. e4 Rac8 22. Bb7 Rc7 23. exf5 Rb8 24. Bd5 Rxb1 25. Rxb1 c4
26. Rc1 c3 27. Kf1 Rc5 28. Bxf7 Rxf5 29. Bb3 Rc5 30. Ke2 a5 31. Kd3 Rf5 32.
Re1 Rc5 33. Rc1 g5 34. Re1 Kg7 35. Re8 Rc7 36. Re4 Kg6 37. Re2 Rd7+ 38. Kc2
Rd1 39. Kxd1 {Black resigns} 1-0

[Event "ICC tourney 2801 (60 5)"]
[Site "Internet Chess Club"]
[Date "2022.01.23"]
[Round "4"]
[White "JACKSON, MASSIMO MATEO:Yeetamus123"]
[Black "PADIYAR, SUNMAY:sunmay12"]
[Result "0-1"]
[ICCResult "White checkmated"]
[WhiteElo "1383"]
[BlackElo "1369"]
[Opening "Scotch: Mieses variation"]
[ECO "C45"]
[NIC "SO.04"]
[Time "11:00:08"]
[PlyCount "176"]
[TimeControl "3600+5"]

1. e4 e5 2. Nf3 Nc6 3. d4 exd4 4. Nxd4 Nf6 5. Nxc6 bxc6 6. e5 Nd5 7. c4 Nb6
8. Nc3 Bb4 9. Bd2 Qe7 10. Qe2 Ba6 11. b3 O-O 12. Qe4 Bxc3 13. Bxc3 d5 14.
Qg4 f6 15. Bd3 fxe5 16. O-O Bc8 17. Qh5 e4 18. Rfe1 Rf5 19. Qe2 Qg5 20. Bb4
Bd7 21. Bc2 Re8 22. f3 Rxf3 23. Rad1 Rf6 24. Bc3 Rg6 25. Rf1 Bg4 26. Qf2 Qe7
27. Bb4 Qf6 28. Qc5 Bf3 29. Rf2 e3 30. Bxg6 exf2+ 31. Qxf2 Qxg6 32. Qxf3 Qf7
33. cxd5 cxd5 34. Rf1 Qxf3 35. Rxf3 h6 36. Kf2 Re6 37. Rf8+ Kh7 38. Bc3 c5
39. Rf7 d4 40. Bb2 Rf6+ 41. Rxf6 gxf6 42. Kf3 Kg6 43. Kf4 Nd5+ 44. Ke4 Ne3
45. g3 Nf1 46. b4 cxb4 47. Bxd4 Nxh2 48. Bxa7 Nf1 49. Bb8 Nd2+ 50. Kd3 b3
51. axb3 Nxb3 52. Kc3 Nc5 53. Kc4 Ne4 54. Kd4 Kf5 55. Bf4 h5 56. Bb8 Ng5 57.
Ke3 Kg4 58. Bc7 f5 59. Bb8 Nh3 60. Bc7 Ng1 61. Kf2 Nf3 62. Bf4 h4 63. Bb8 h3
64. Bc7 Nd4 65. Kg1 Ne2+ 66. Kf2 Nd4 67. Bb8 Nf3 68. Bc7 Ng5 69. Kg1 Nf3+
70. Kf2 Nd2 71. Kg1 Ne4 72. Kh2 Nf2 73. Kg1 Ne4 74. Kh2 Nf6 75. Kg1 Nd5 76.
Bb8 Ne3 77. Kf2 h2 78. Kxe3 h1=Q 79. Kd2 Qd5+ 80. Kc2 Qc6+ 81. Kd2 Qd7+ 82.
Kc2 Qc8+ 83. Kd2 Qxb8 84. Ke2 Kxg3 85. Kd1 Qb2 86. Ke1 Kf3 87. Kd1 Ke3 88.
Ke1 Qb1# {White checkmated} 0-1

[Event "ICC tourney 2801 (60 5)"]
[Site "Internet Chess Club"]
[Date "2022.01.23"]
[Round "4"]
[White "Hua, Joshua:lovealek"]
[Black "Wang, Chase:chensix"]
[Result "0-1"]
[ICCResult "White forfeits on time"]
[WhiteElo "493"]
[BlackElo "527"]
[Opening "Ruy Lopez: 5.O-O"]
[ECO "C78"]
[NIC "RL.12"]
[Time "11:00:15"]
[PlyCount "58"]
[TimeControl "3600+5"]

1. e4 e5 2. Nf3 Nc6 3. Bb5 a6 4. Ba4 Nf6 5. O-O b5 6. Bb3 Bc5 7. a4 Rb8 8.
c3 d6 9. d4 Bb6 10. a5 Ba7 11. d5 Ne7 12. Re1 O-O 13. h3 h6 14. Be3 Bxe3 15.
Rxe3 c6 16. dxc6 Nxc6 17. Ba2 Nxa5 18. b4 Nc4 19. Bxc4 bxc4 20. Nbd2 Qc7 21.
Nb1 Bb7 22. Nfd2 d5 23. exd5 Nxd5 24. Rg3 Rbd8 25. Qg4 g6 26. Qxc4 Qe7 27.
Qc5 Qf6 28. Ne4 Qf4 29. Ned2 Qf5 {White forfeits on time} 0-1

[Event "ICC tourney 2801 (60 5)"]
[Site "Internet Chess Club"]
[Date "2022.01.23"]
[Round "5"]
[White "AHN, WILLIAM TK:kitook"]
[Black "CAO, DANIEL:danielcao"]
[Result "1-0"]
[ICCResult "Black resigns"]
[WhiteElo "896"]
[BlackElo "1210"]
[Opening "Sicilian: dragon, Yugoslav attack, Rauser variation"]
[ECO "B76"]
[NIC "SI.34"]
[Time "14:00:16"]
[PlyCount "50"]
[TimeControl "3600+5"]

1. e4 c5 2. Nf3 Nc6 3. d4 cxd4 4. Nxd4 Nf6 5. Nc3 g6 6. f3 d6 7. Be3 Bg7 8.
Qd2 O-O 9. O-O-O Bd7 10. g4 a6 11. h4 b5 12. h5 d5 13. exd5 Nxd5 14. Nxd5
Bxg4 15. Nxc6 Qc7 16. Nxc7 Bf6 17. Nxa8 Bxf3 18. Be2 Bxc6 19. Rh2 Bxa8 20.
hxg6 fxg6 21. Rg1 e6 22. Bh5 Kf7 23. Qd7+ Be7 24. Bxg6+ hxg6 25. Rh7+ Kg8
{Black resigns}
1-0

[Event "ICC tourney 2801 (60 5)"]
[Site "Internet Chess Club"]
[Date "2022.01.23"]
[Round "5"]
[White "kukkadapu, sridattha kumar:srichess23"]
[Black "BANDREDDI, MEERA:MeeraBLab"]
[Result "1-0"]
[ICCResult "Black resigns"]
[WhiteElo "849"]
[BlackElo "1205"]
[Opening "Sicilian: Kan, 5.Nc3"]
[ECO "B43"]
[NIC "SI.41"]
[Time "14:00:20"]
[PlyCount "83"]
[TimeControl "3600+5"]

1. e4 c5 2. Nf3 e6 3. d4 cxd4 4. Nxd4 a6 5. Nc3 Qc7 6. Be3 Nf6 7. f3 Be7 8.
Qd2 O-O 9. O-O-O b5 10. g4 d5 11. h4 Bb4 12. Nde2 dxe4 13. g5 Nd5 14. fxe4
Nxc3 15. Nxc3 Rd8 16. Qxd8+ Qxd8 17. Rxd8+ Bf8 18. Bc5 Nd7 19. Bxf8 Nxf8 20.
h5 Bb7 21. Rxa8 Bxa8 22. Rg1 b4 23. Na4 Bxe4 24. Bd3 Bd5 25. b3 a5 26. g6
fxg6 27. hxg6 h6 28. Nb6 Bf3 29. Rg3 Bh5 30. Bc4 Kh8 31. Bd3 Kg8 32. Nc4 Nd7
33. Nxa5 Ne5 34. Re3 Nxg6 35. Rxe6 Nf4 36. Rb6 g5 37. Rxh6 g4 38. Nc4 g3 39.
Ne3 g2 40. Nxg2 Nxg2 41. Rxh5 Nf4 42. Rb5 {Black resigns} 1-0

[Event "ICC tourney 2801 (60 5)"]
[Site "Internet Chess Club"]
[Date "2022.01.23"]
[Round "5"]
[White "ASHOK, AMUDHAN:amudhanashok"]
[Black "Singh, Saharsh:saharshsingh02"]
[Result "1-0"]
[ICCResult "Black resigns"]
[WhiteElo "963"]
[BlackElo "931"]
[Opening "Queen's pawn: Chigorin variation"]
[ECO "D00"]
[NIC "QP.08"]
[Time "14:00:27"]
[PlyCount "39"]
[TimeControl "3600+5"]

1. d4 d5 2. Nc3 Nf6 3. Nf3 Bf5 4. Bf4 e6 5. a3 c5 6. e3 Nc6 7. Bb5 Qb6 8.
O-O Nh5 9. Bg3 Nxg3 10. hxg3 Be7 11. a4 h5 12. a5 Qc7 13. a6 Bg4 14. axb7
Qxb7 15. Ra6 Kd7 16. Bxc6+ Qxc6 17. Rxc6 Kxc6 18. Qa1 h4 19. Qa6+ Kd7 20.
Ne5+ {Black resigns} 1-0

[Event "ICC tourney 2801 (60 5)"]
[Site "Internet Chess Club"]
[Date "2022.01.23"]
[Round "5"]
[White "BAI, JEFFREY:Jeffchess"]
[Black "Lin, James:MeLikeGame"]
[Result "0-1"]
[ICCResult "White checkmated"]
[WhiteElo "1174"]
[BlackElo "1373"]
[Opening "two knights defense: Wilkes Barre (Traxler) variation"]
[ECO "C57"]
[NIC "KP.01"]
[Time "14:00:15"]
[PlyCount "34"]
[TimeControl "3600+5"]

1. e4 e5 2. Nf3 Nc6 3. Bc4 Nf6 4. Ng5 Bc5 5. Nxf7 Bxf2+ 6. Kxf2 Nxe4+ 7. Ke3
Qh4 8. Qf3 Nf6 9. Nxh8 Nd4 10. g3 Qg5+ 11. Kf2 Nxf3 12. Bf7+ Kf8 13. Kxf3
Qg4+ 14. Kg2 Qe2+ 15. Kg1 Ng4 16. Ng6+ hxg6 17. Bxg6 Qf2# {White checkmated}
0-1

[Event "ICC tourney 2801 (60 5)"]
[Site "Internet Chess Club"]
[Date "2022.01.23"]
[Round "5"]
[White "ZHAO, DANSON:K01-30127679"]
[Black "BIRUDAVOLU, SATHVIK:Vikki24"]
[Result "1-0"]
[ICCResult "Black resigns"]
[WhiteElo "1110"]
[BlackElo "1007"]
[Opening "King's pawn game"]
[ECO "C50"]
[NIC "IG.03"]
[Time "14:00:47"]
[PlyCount "59"]
[TimeControl "3600+5"]

1. e4 e5 2. Nf3 Nc6 3. Bc4 h6 4. Nc3 Nf6 5. d3 Bc5 6. O-O d6 7. h3 O-O 8.
Bd2 Be6 9. Bxe6 fxe6 10. Be3 Bb6 11. Bxb6 axb6 12. d4 exd4 13. Nxd4 Nxd4 14.
Qxd4 d5 15. exd5 Nxd5 16. Nxd5 Qxd5 17. Qxd5 exd5 18. Rad1 Rxa2 19. b3 Rxc2
20. Rxd5 Rc3 21. Rd7 Rc8 22. Re1 g5 23. Ree7 Rxb3 24. Rg7+ Kf8 25. Rh7 Kg8
26. Rxh6 b5 27. Rg6+ Kh8 28. Rxg5 b4 29. Rd4 Rb1+ 30. Kh2 {Black resigns}
1-0

[Event "ICC tourney 2801 (60 5)"]
[Site "Internet Chess Club"]
[Date "2022.01.23"]
[Round "5"]
[White "BADRINATH, ANIRUDH:abadrinath"]
[Black "GUO, MAX:salamenceg"]
[Result "0-1"]
[ICCResult "White resigns"]
[WhiteElo "909"]
[BlackElo "1139"]
[Opening "Scotch game"]
[ECO "C45"]
[NIC "SO.05"]
[Time "14:00:15"]
[PlyCount "98"]
[TimeControl "3600+5"]

1. e4 e5 2. Nf3 Nc6 3. d4 exd4 4. Nxd4 Bc5 5. Nxc6 Qf6 6. Be3 Bxe3 7. fxe3
dxc6 8. Nc3 Ne7 9. Be2 O-O 10. Bf3 Be6 11. O-O Rad8 12. Qe1 Qg5 13. Na4 Ng6
14. g3 Bh3 15. Bg2 Bxg2 16. Kxg2 Qg4 17. Nc3 f5 18. Qe2 Qxe2+ 19. Nxe2 fxe4
20. Rxf8+ Rxf8 21. Nc3 Rf3 22. Re1 Rf5 23. Nxe4 Rb5 24. b3 a5 25. Rd1 Rd5
26. Rxd5 cxd5 27. Nc3 c6 28. Na4 Kf7 29. Nc5 b6 30. Nd7 b5 31. Nc5 Ke7 32.
Nb7 a4 33. Kf3 axb3 34. axb3 h5 35. h4 Kd7 36. Nc5+ Kd6 37. Nd3 Ne5+ 38.
Nxe5 Kxe5 39. c3 c5 40. g4 hxg4+ 41. Kxg4 c4 42. b4 Ke4 43. Kg5 Kd3 44. Kg6
Kxc3 45. Kxg7 Kxb4 46. h5 c3 47. h6 c2 48. h7 c1=Q 49. h8=Q Qc3+ {White
resigns} 0-1

[Event "ICC tourney 2801 (60 5)"]
[Site "Internet Chess Club"]
[Date "2022.01.23"]
[Round "5"]
[White "KINKUS, SAM E:Grandslam34"]
[Black "Hua, Joshua:lovealek"]
[Result "1-0"]
[ICCResult "Black checkmated"]
[WhiteElo "799"]
[BlackElo "493"]
[Opening "KP: Patzer opening"]
[ECO "C20"]
[NIC "KP.10"]
[Time "14:00:37"]
[PlyCount "25"]
[TimeControl "3600+5"]

1. e4 e5 2. Qh5 Nc6 3. Bc4 g6 4. Qf3 Nf6 5. Ne2 Bc5 6. d3 Bb4+ 7. c3 Ba5 8.
Bg5 O-O 9. Bxf6 Qe8 10. Qe3 Bb6 11. Qh6 Bxf2+ 12. Kxf2 Qe6 13. Qg7#
{Black checkmated}
1-0

[Event "ICC tourney 2801 (60 5)"]
[Site "Internet Chess Club"]
[Date "2022.01.23"]
[Round "5"]
[White "Deshpande, Sarthak Yashodhan:King2012"]
[Black "CHANG, ALEXANDER:Elatedbook"]
[Result "1-0"]
[ICCResult "Black checkmated"]
[WhiteElo "1400"]
[BlackElo "1226"]
[Opening "QGD: Albin counter-gambit, 5.g3"]
[ECO "D09"]
[NIC "QG.02"]
[Time "14:00:17"]
[PlyCount "101"]
[TimeControl "3600+5"]

1. d4 d5 2. c4 e5 3. dxe5 d4 4. Nf3 Nc6 5. g3 Bf5 6. Bg2 Bb4+ 7. Bd2 d3 8.
e3 Qe7 9. O-O O-O-O 10. Qa4 Kb8 11. Nc3 Be6 12. a3 Bxc3 13. Bxc3 f6 14. Qb3
Bc8 15. Nd4 Nxd4 16. exd4 fxe5 17. dxe5 Qe6 18. Rad1 b6 19. Rd2 Ne7 20. Rfd1
Qf5 21. Bb4 Ng6 22. Rxd3 Rxd3 23. Qxd3 Nxe5 24. Qxf5 Bxf5 25. Rd5 Re8 26.
Bc3 Nxc4 27. Rxf5 Nd6 28. Re5 Rxe5 29. Bxe5 Ne8 30. Bc6 Nf6 31. Bxf6 gxf6
32. Be4 h6 33. f4 Kc8 34. g4 Kd7 35. h4 Ke7 36. g5 fxg5 37. fxg5 hxg5 38.
hxg5 Kf7 39. g6+ Kg7 40. b4 Kf6 41. b5 Kg7 42. Kf2 Kf6 43. Ke3 Kg7 44. Kd4
Kf6 45. Kd5 Ke7 46. Ke5 Kf8 47. Kf6 Kg8 48. g7 c6 49. Kg6 a6 50. Bf5 cxb5
51. Be6# {Black checkmated} 1-0

[Event "ICC tourney 2801 (60 5)"]
[Site "Internet Chess Club"]
[Date "2022.01.23"]
[Round "5"]
[White "SOUTHERLAND, TRIPP:Nachooo"]
[Black "LAIDO, MATTHEW:Dabao"]
[Result "1-0"]
[ICCResult "Black resigns"]
[WhiteElo "1219"]
[BlackElo "1062"]
[Opening "Giuoco Piano: Greco's attack"]
[ECO "C54"]
[NIC "IG.02"]
[Time "14:00:22"]
[PlyCount "52"]
[TimeControl "3600+5"]

1. e4 e5 2. Nf3 Nc6 3. Bc4 Bc5 4. c3 Nf6 5. d4 exd4 6. cxd4 Bb4+ 7. Nc3 Nxe4
8. O-O Nd6 9. Re1+ Ne7 10. Bb3 O-O 11. Bg5 Re8 12. Qd3 h6 13. Bc2 hxg5 14.
Qh7+ Kf8 15. Qh8+ Ng8 16. Bh7 Ne4 17. Qxg8+ Ke7 18. Rxe4+ Kd6 19. Rxe8 c6
20. Rxd8 Kc7 21. Re1 b6 22. Ree8 Kb7 23. Rxc8 Rxc8 24. Rxc8 Ka6 25. Bd3+ b5
26. Rb8 Ba5 {Black resigns} 1-0

[Event "ICC tourney 2801 (60 5)"]
[Site "Internet Chess Club"]
[Date "2022.01.23"]
[Round "5"]
[White "NAVANEETH, TEJAS:tejasdgr8"]
[Black "Jones, Richard S:weakfish"]
[Result "0-1"]
[ICCResult "White checkmated"]
[WhiteElo "933"]
[BlackElo "1422"]
[Opening "Caro-Kann: advance variation"]
[ECO "B12"]
[NIC "CK.04"]
[Time "14:00:34"]
[PlyCount "108"]
[TimeControl "3600+5"]

1. e4 c6 2. d4 d5 3. e5 Bf5 4. Nf3 e6 5. Nc3 Bb4 6. Bd2 Ne7 7. Be2 h6 8. O-O
Nd7 9. a3 Ba5 10. b4 Bb6 11. h3 O-O 12. Na4 Bc7 13. c4 dxc4 14. Nb2 b5 15.
a4 a6 16. a5 Nd5 17. Rc1 Qe7 18. Qe1 Rfc8 19. Bc3 Bd8 20. Qd2 Qf8 21. Bd1
Be7 22. Bc2 Bxc2 23. Rxc2 Nxb4 24. Bxb4 Bxb4 25. Qe2 Bxa5 26. Ra1 Bb6 27.
Rc3 c5 28. dxc5 Nxc5 29. Nh4 Rd8 30. Rg3 Nb3 31. Rd1 Rxd1+ 32. Qxd1 Rd8 33.
Qb1 Rd2 34. Rf3 Nd4 35. Re3 Ne2+ 36. Rxe2 Rxe2 37. Nd1 Re1+ 38. Kh2 Qd8 39.
Nf3 Rxd1 40. Qa2 a5 41. Qb2 b4 42. Qc2 Qd3 43. Qa2 Qd5 44. Qa4 Qd7 45. Qa2
c3 46. Qc2 Bc7 47. Qa2 Qd5 48. Qc2 Bxe5+ 49. Nxe5 Qxe5+ 50. g3 Rd2 51. Qb1
Rxf2+ 52. Kh1 Qxg3 53. Qg1 Qxh3+ 54. Qh2 Qxh2# {White checkmated} 0-1